[Event "Titled Tuesday Blitz February 07 Early 2023"]
[White "Vakhlamov, Igor L."]
[Black "Szpar, Milosz"]
[WhiteFideId "24126748"]
[BlackFideId "1184989"]
[WhiteElo "2413"]
[BlackElo "2447"]
[Result "1-0"]
[Round "11"]
[TimeControl "180+2"]
[Date "2023.02.07"]
[WhiteClock "0:00:43"]
[BlackClock "0:00:04"]

1. e4 c5 2. Nf3 d6 3. Nc3 Nc6 4. Bb5 Bd7 5. Bxc6 Bxc6 6. d4 cxd4 7. Qxd4 Nf6 8. Bg5 e6 9. O-O-O Be7 10. Rhe1 O-O 11. e5 dxe5 12. Nxe5 Qa5 13. Nxc6 bxc6 14. Qe5 Qa6 15. Kb1 Rfe8 16. Ne4 Nxe4 17. Rxe4 Bf8 18. Rg4 Qb5 19. Bf6 Qxe5 20. Bxe5 Rad8 21. Rxd8 Rxd8 22. Kc1 Rd5 23. Bb8 Bc5 24. Bg3 f5 25. Rc4 e5 26. b4 Be7 27. f3 Rb5 28. c3 a5 29. a4 Rd5 30. Be1 Rd6 31. bxa5 Rd5 32. a6 c5 33. Bf2 Rd8 34. Bxc5 Bg5+ 35. Kb1 Rb8+ 36. Rb4 Ra8 37. a7 Kf7 38. Rb8 1-0


[Site "https://www.chess.com"]

[Event "Titled Tuesday Blitz February 07 Early 2023"]
[White "Harshavardhan G B"]
[Black "Vasquez Schroeder, Rodrigo"]
[WhiteFideId "25059009"]
[BlackFideId "3400042"]
[WhiteElo "2408"]
[BlackElo "2524"]
[Result "1-0"]
[Round "11"]
[TimeControl "180+2"]
[Date "2023.02.07"]
[WhiteClock "0:00:50"]
[BlackClock "0:00:18"]

1. d4 Nf6 2. c4 e6 3. Nc3 Bb4 4. f3 d5 5. a3 Bxc3+ 6. bxc3 c6 7. e3 O-O 8. Bd3 b6 9. Ne2 Ba6 10. cxd5 Bxd3 11. Qxd3 cxd5 12. e4 h6 13. O-O Nc6 14. e5 Nd7 15. f4 f5 16. exf6 Nxf6 17. Ng3 Qd7 18. Bd2 Rae8 19. Rae1 Na5 20. f5 Nc4 21. fxe6 Rxe6 22. Rxe6 Qxe6 23. Bxh6 Ne4 24. Rxf8+ Kxf8 25. Bf4 Nxa3 26. Qa6 Nc4 27. h3 Nxg3 28. Bxg3 Qd7 29. Kh2 Kg8 30. Bf4 Kh7 31. Bb8 Ne3 32. Qxa7 Qf5 33. Be5 Qg6 34. Qa2 b5 35. Qe2 Qe4 36. Qh5+ Kg8 37. Qg5 Nf5 38. Qg6 Kf8 39. Qe6 Ne7 40. Qd7 Kg8 41. Qxe7 1-0


[Site "https://www.chess.com"]

[Event "Titled Tuesday Blitz February 07 Early 2023"]
[White "Avinash, Ramesh"]
[Black "Belozerov, Andrei"]
[WhiteFideId "45018340"]
[BlackFideId "4120213"]
[WhiteElo "2319"]
[BlackElo "2461"]
[Result "1-0"]
[Round "11"]
[TimeControl "180+2"]
[Date "2023.02.07"]
[WhiteClock "0:01:36"]
[BlackClock "0:00:16"]

1. d4 d5 2. c4 e6 3. Nc3 c6 4. cxd5 exd5 5. Nf3 Bf5 6. Bg5 Be7 7. Bxe7 Qxe7 8. e3 Nf6 9. Bd3 Bxd3 10. Qxd3 Nbd7 11. O-O O-O 12. Rab1 a5 13. Rfc1 Ne4 14. Na4 f5 15. Qb3 Rab8 16. Nc3 Kh8 17. Rd1 Qb4 18. Qc2 Rbe8 19. Ne1 Qd6 20. Nd3 g5 21. Rbc1 f4 22. exf4 gxf4 23. f3 Nxc3 24. bxc3 Re3 25. Re1 Qg6 26. Rxe3 fxe3 27. Re1 Rxf3 28. Qe2 Rf8 29. Qxe3 Nf6 30. Rf1 Rg8 31. g3 Ng4 32. Qe2 Re8 33. Ne5 Nxe5 34. dxe5 Qe4 35. Qxe4 dxe4 36. Rf5 Kg7 37. Kf2 Kg6 38. g4 Rd8 39. Ke3 Rd3+ 40. Kxe4 Rxc3 41. e6 Rc4+ 42. Ke5 Rxg4 43. e7 Rg5 44. e8=Q+ 1-0


[Site "https://www.chess.com"]

[Event "Titled Tuesday Blitz February 07 Early 2023"]
[White "Zierk, Steven"]
[Black "Zahid, Sanatan"]
[WhiteFideId "2034255"]
[BlackFideId "10201963"]
[WhiteElo "2488"]
[BlackElo "1930"]
[Result "1-0"]
[Round "11"]
[TimeControl "180+2"]
[Date "2023.02.07"]
[WhiteClock "0:01:35"]
[BlackClock "0:01:14"]

1. e4 e6 2. d4 d5 3. Nc3 Nf6 4. Bg5 Be7 5. e5 Nfd7 6. Bxe7 Qxe7 7. f4 a6 8. Nf3 c5 9. Qd2 Nc6 10. dxc5 b5 11. Bd3 Nxc5 12. O-O Bb7 13. a3 O-O-O 14. Qf2 Kb8 15. b4 Nd7 16. Rfb1 Rc8 17. Ne2 Qd8 18. a4 bxa4 19. Rxa4 Nb6 20. Ra3 Nc4 21. Bxc4 dxc4 22. Nfd4 Nxd4 23. Nxd4 Qb6 24. b5 a5 25. c3 Rhd8 26. Rba1 Kc7 27. Rxa5 Kd7 28. f5 exf5 29. Qxf5+ Ke7 30. Rf1 Bd5 31. Ra6 Qc5 32. e6 f6 33. Qxh7 Rg8 34. Rxf6 1-0


[Site "https://www.chess.com"]

[Event "Titled Tuesday Blitz February 07 Early 2023"]
[White "Timofeev, Artyom"]
[Black "Lianes Garcia, Marcos"]
[WhiteFideId "4140419"]
[BlackFideId "32060777"]
[WhiteElo "2567"]
[BlackElo "2411"]
[Result "1-0"]
[Round "11"]
[TimeControl "180+2"]
[Date "2023.02.07"]
[WhiteClock "0:00:34"]
[BlackClock "0:00:16"]

1. e4 g6 2. d4 Bg7 3. Nc3 c5 4. dxc5 Bxc3+ 5. bxc3 Qa5 6. Bd2 Nc6 7. Nf3 Nf6 8. Bd3 Qxc5 9. O-O d6 10. h3 O-O 11. Bh6 Rd8 12. Qd2 a6 13. a4 Ne5 14. Nd4 Nc4 15. Qe2 Ne5 16. Bd2 Nc6 17. Nb3 Qh5 18. f3 Be6 19. Nd4 Kg7 20. Rab1 Rd7 21. Nxe6+ fxe6 22. Be3 Ne5 23. Bd4 Rc8 24. Qf2 Nxd3 25. cxd3 e5 26. Be3 Rxc3 27. d4 exd4 28. Bxd4 Rc4 29. Rfe1 Qa5 30. e5 dxe5 31. Bxe5 Rd2 32. Bxf6+ Kxf6 33. Qg3 Qc5+ 34. Kh1 b5 35. axb5 axb5 36. Ra1 Rd6 37. Ra8 Kf7 38. Rh8 Qh5 39. Qf2 Rcc6 40. Qa2+ Re6 41. Rd1 Kg7 42. Qa8 Qf5 43. Qg8+ Kh6 44. Qxh7+ Kg5 45. Qh4# 1-0


[Site "https://www.chess.com"]

[Event "Titled Tuesday Blitz February 07 Early 2023"]
[White "Bilych, Olexiy"]
[Black "Bachmann, Axel"]
[WhiteFideId "14156504"]
[BlackFideId "3700488"]
[WhiteElo "2441"]
[BlackElo "2604"]
[Result "1-0"]
[Round "11"]
[TimeControl "180+2"]
[Date "2023.02.07"]
[WhiteClock "0:00:05"]
[BlackClock "0:00:07"]

1. d4 Nf6 2. c4 c5 3. d5 e6 4. Nc3 exd5 5. cxd5 d6 6. e4 g6 7. Nf3 Bg7 8. Be2 O-O 9. O-O Bg4 10. Nd2 Bxe2 11. Qxe2 Re8 12. Re1 Nbd7 13. a4 a6 14. Nc4 Nb6 15. Nxb6 Qxb6 16. a5 Qc7 17. Qc4 Rab8 18. Bf4 Nd7 19. h4 Ne5 20. Qe2 Qd7 21. h5 gxh5 22. Qxh5 Nd3 23. Bh6 Nxe1 24. Bxg7 Kxg7 25. Qg5+ Kf8 26. Qh6+ Ke7 27. Rxe1 Rg8 28. e5 Rbe8 29. Qf6+ Kf8 30. e6 Qd8 31. Qh6+ Rg7 32. Ne4 Qxa5 33. Re3 Qa1+ 34. Kh2 Qxb2 35. Ng5 fxe6 36. Nxh7+ Kg8 37. Nf6+ Kf7 38. Nh5 exd5 39. Rf3+ Ke7 40. Nxg7 Qe5+ 41. g3 Rf8 42. Re3 Rxf2+ 43. Kg1 Rf6 44. Rxe5+ dxe5 45. Qg5 Kf7 46. Nf5 d4 47. Nh6+ Ke6 48. Ng4 Rf5 49. Qg6+ 1-0


[Site "https://www.chess.com"]

[Event "Titled Tuesday Blitz February 07 Early 2023"]
[White "Kozak, Adam"]
[Black "Costachi, Mihnea"]
[WhiteFideId "753246"]
[BlackFideId "1217518"]
[WhiteElo "2572"]
[BlackElo "2476"]
[Result "0-1"]
[Round "11"]
[TimeControl "180+2"]
[Date "2023.02.07"]
[WhiteClock "0:00:01"]
[BlackClock "0:00:11"]

1. c4 Nf6 2. Nc3 g6 3. b3 Bg7 4. Bb2 O-O 5. g3 d6 6. Bg2 Nc6 7. d3 e5 8. Nf3 h6 9. O-O Be6 10. Nd2 Qd7 11. Nd5 Bh3 12. Nxf6+ Bxf6 13. Rb1 Bxg2 14. Kxg2 Bg7 15. e3 f5 16. Nf3 Rae8 17. b4 e4 18. dxe4 fxe4 19. Nd4 Nxb4 20. Ba1 c5 21. Ne2 Bxa1 22. Rxa1 g5 23. Nc3 Qe6 24. a3 Nd3 25. Nd5 Rf7 26. Kg1 Qh3 27. f4 gxf4 28. Nxf4 Nxf4 29. exf4 Qe6 30. Qe2 d5 31. cxd5 Qxd5 32. Rad1 Qf5 33. Rd6 Re6 34. Rd8+ Kh7 35. Rfd1 e3 36. R8d5 Qe4 37. Rxc5 Rfe7 38. Rcd5 a6 39. R5d4 Qf5 40. g4 Qf6 41. f5 Re4 42. Rd6 Qe5 43. Rg6 Rf4 44. Rf1 Rxf1+ 45. Kxf1 Qf4+ 46. Kg2 Rd7 47. Kg1 Rd2 48. Qe1 Qxh2+ 49. Kf1 Qg2# 0-1


[Site "https://www.chess.com"]

[Event "Titled Tuesday Blitz February 07 Early 2023"]
[White "Gharibyan, Mamikon"]
[Black "Dehtiarov, Roman"]
[WhiteFideId "13308300"]
[BlackFideId "14186640"]
[WhiteElo "2500"]
[BlackElo "2289"]
[Result "1-0"]
[Round "11"]
[TimeControl "180+2"]
[Date "2023.02.07"]
[WhiteClock "0:00:20"]
[BlackClock "0:00:02"]

1. Nf3 Nf6 2. g3 d5 3. Bg2 c5 4. O-O Nc6 5. d4 cxd4 6. Nxd4 e6 7. c4 Be7 8. Nc3 O-O 9. cxd5 exd5 10. Bf4 Bg4 11. Rc1 Qb6 12. Nxc6 bxc6 13. h3 Bh5 14. Na4 Qb7 15. b3 Rfe8 16. Qc2 Ba3 17. Qxc6 Qxc6 18. Rxc6 Bxe2 19. Re1 Bb5 20. Rxe8+ Rxe8 21. Rc7 Bxa4 22. bxa4 a5 23. Be3 h6 24. Ra7 Bb4 25. Bd4 Ne4 26. h4 Bc3 27. Bb6 d4 28. Bxa5 Bxa5 29. Rxa5 Nc3 30. Bf1 g6 31. Ra7 Ne2+ 32. Kg2 d3 33. Rd7 Nc1 34. Bxd3 Kg7 35. Bc4 Rc8 36. Rxf7+ Kh8 37. Rf4 g5 38. hxg5 hxg5 39. Rg4 Kh7 40. a5 Kh6 41. a6 Kh5 42. Re4 Kg6 43. a7 Ra8 44. Re7 Kf6 45. Bd5 1-0


[Site "https://www.chess.com"]

[Event "Titled Tuesday Blitz February 07 Early 2023"]
[White "Seo, Jung Min"]
[Black "Pakleza, Zbigniew"]
[WhiteFideId "1734687"]
[BlackFideId "1119290"]
[WhiteElo "2494"]
[BlackElo "2494"]
[Result "1-0"]
[Round "11"]
[TimeControl "180+2"]
[Date "2023.02.07"]
[WhiteClock "0:00:23"]
[BlackClock "0:00:01"]

1. e4 d6 2. Nf3 Nf6 3. Nc3 Bg4 4. h3 Bh5 5. g4 Bg6 6. Qe2 c6 7. Nh4 e6 8. Nxg6 hxg6 9. d4 d5 10. e5 Nfd7 11. Bd2 c5 12. dxc5 Nc6 13. f4 Qh4+ 14. Qf2 Qxf2+ 15. Kxf2 Bxc5+ 16. Kg2 O-O-O 17. Bd3 g5 18. fxg5 Ndxe5 19. Ne2 Nxd3 20. cxd3 Kd7 21. Rac1 Bb4 22. Bf4 Bd6 23. Bxd6 Kxd6 24. Rhf1 Rdf8 25. Kg3 f6 26. gxf6 gxf6 27. Nf4 Rfg8 28. Rce1 Nd4 29. Ne2 Nf5+ 30. Kf2 Ne7 31. Kg2 f5 32. Nd4 Rh6 33. Rf4 fxg4 34. Rxg4 Rgh8 35. Rg3 e5 36. Nf3 Nc6 37. h4 Rf8 38. Rg5 Re6 39. h5 a5 40. a3 a4 41. Kg3 b5 42. Nh4 Nd4 43. Rg6 Rh8 44. Kg4 Rf8 45. Kg5 Rf2 46. h6 Rh2 47. Rxe6+ Nxe6+ 48. Kg4 Nf8 49. Rf1 Ke7 50. Rc1 e4 51. dxe4 dxe4 52. Rc7+ Kf6 53. Rc6+ Kf7 54. Rc7+ Kg8 55. Nf5 e3 56. Nxe3 Rxh6 57. Rb7 Re6 58. Nd5 Rd6 59. Rxb5 Ne6 60. Nc3 Nd4 61. Rb8+ Kf7 62. Nxa4 1-0


[Site "https://www.chess.com"]

[Event "Titled Tuesday Blitz February 07 Early 2023"]
[White "Weetik, Vjacheslav"]
[Black "Ahmadzada, Ahmad"]
[WhiteFideId "4153472"]
[BlackFideId "13413007"]
[WhiteElo "2423"]
[BlackElo "2488"]
[Result "1/2-1/2"]
[Round "11"]
[TimeControl "180+2"]
[Date "2023.02.07"]
[WhiteClock "0:00:04"]
[BlackClock "0:00:06"]

1. d4 Nf6 2. c4 Nc6 3. Nf3 e6 4. g3 Bb4+ 5. Nbd2 a5 6. Bg2 O-O 7. O-O Bxd2 8. Bxd2 d6 9. Qc2 Qe7 10. e4 e5 11. Bc3 Bg4 12. d5 Nb4 13. Qe2 Na6 14. h3 Bd7 15. Nh4 Nc5 16. b3 g6 17. Rae1 Nh5 18. Nf5 gxf5 19. Qxh5 Nxe4 20. Bxe4 fxe4 21. Rxe4 f5 22. Rh4 f4 23. Re1 fxg3 24. fxg3 Rf5 25. Rg4+ Kh8 26. Qh6 Raf8 27. Rf4 b6 28. Ref1 Qg7 29. Qxg7+ Kxg7 30. Rxf5 Rxf5 31. g4 Rxf1+ 32. Kxf1 h5 33. gxh5 Bxh3+ 34. Kf2 Bf5 35. Bd2 Bb1 36. a3 Ba2 37. Bg5 Bxb3 38. Bd8 Bxc4 39. Bxc7 Bxd5 40. Bxd6 b5 41. Bxe5+ Kh6 42. Bc3 b4 43. axb4 axb4 44. Bxb4 Kxh5 1/2-1/2


[Site "https://www.chess.com"]

[Event "Titled Tuesday Blitz February 07 Early 2023"]
[White "Galchenko, Matvey"]
[Black "EREBUNI91"]
[WhiteFideId "24175480"]
[WhiteElo "2438"]
[BlackElo "2666"]
[Result "1/2-1/2"]
[Round "11"]
[TimeControl "180+2"]
[Date "2023.02.07"]
[WhiteClock "0:00:43"]
[BlackClock "0:00:41"]

1. e4 c5 2. c3 Nf6 3. e5 Nd5 4. Nf3 d6 5. Bc4 Nb6 6. Bb3 c4 7. Bc2 Nc6 8. exd6 Qxd6 9. O-O Bg4 10. h3 Bh5 11. Re1 O-O-O 12. b3 Qf6 13. Be4 Ne5 14. bxc4 Nxf3+ 15. Bxf3 Bxf3 16. Qxf3 Qxf3 17. gxf3 Nxc4 18. d4 e6 19. Nd2 Nxd2 20. Bxd2 Bd6 21. a4 Rd7 22. Rab1 Rhd8 23. Bg5 Be7 24. Be3 Rc7 25. Rb3 Rc4 26. Ra1 Rd5 27. a5 a6 28. Kf1 Bd8 29. Rab1 Rd7 30. Ra1 Rdc7 31. Bd2 Bf6 32. f4 g6 33. Ke2 Be7 34. Kd3 Bd6 35. Ra2 h5 36. Rb6 Bf8 37. Ra1 Bh6 38. Rb3 Kd7 39. Rab1 Kc8 1/2-1/2


[Site "https://www.chess.com"]

[Event "Titled Tuesday Blitz February 07 Early 2023"]
[White "Shuvalova, Polina"]
[Black "Murzin, Volodar"]
[WhiteFideId "24171760"]
[BlackFideId "44155573"]
[WhiteElo "2484"]
[BlackElo "2604"]
[Result "1/2-1/2"]
[Round "11"]
[TimeControl "180+2"]
[Date "2023.02.07"]
[WhiteClock "0:00:03"]
[BlackClock "0:00:04"]

1. e4 c6 2. d4 d5 3. e5 Bf5 4. h4 h5 5. Bd3 Bxd3 6. Qxd3 Qa5+ 7. Nd2 e6 8. Ne2 Qa6 9. c4 Bb4 10. b3 Ne7 11. O-O Nf5 12. Nf3 Be7 13. Bg5 Bxg5 14. Nxg5 Nd7 15. Nf4 g6 16. g3 O-O 17. Rfd1 dxc4 18. bxc4 Rad8 19. Qe2 Nb6 20. g4 Nxd4 21. Qe4 Qxc4 22. Rac1 Qa4 23. Nxg6 Nf3+ 24. Qxf3 Rxd1+ 25. Rxd1 fxg6 26. Rd8 Qxg4+ 27. Qxg4 hxg4 28. Rd6 Re8 29. Ne4 Nd5 30. Kg2 Kf7 31. Ng5+ Kg8 32. Kg3 Nc3 33. Kxg4 c5 34. Rd7 Nd5 35. Ne4 Kf8 36. Kg5 c4 37. Nf6 Re7 38. Rd8+ Kf7 39. Rh8 c3 40. Rh7+ Kf8 41. Rh8+ Kf7 42. Rh7+ Kf8 43. Rh8+ Kf7 1/2-1/2


[Site "https://www.chess.com"]

[Event "Titled Tuesday Blitz February 07 Early 2023"]
[White "Rakhmatullaev, Almas"]
[Black "tuschessCM1"]
[WhiteFideId "14205793"]
[WhiteElo "2275"]
[BlackElo "2638"]
[Result "1-0"]
[Round "11"]
[TimeControl "180+2"]
[Date "2023.02.07"]
[WhiteClock "0:00:20"]
[BlackClock "0:00:01"]

1. e4 c6 2. Nf3 d5 3. Nc3 dxe4 4. Nxe4 Nf6 5. Qe2 Nxe4 6. Qxe4 Qd5 7. Bd3 Qxe4+ 8. Bxe4 Na6 9. d4 Nb4 10. c3 Nd5 11. O-O Nf6 12. Bc2 Be6 13. Re1 Bd5 14. Ne5 Nd7 15. Nd3 e6 16. b3 c5 17. Nf4 O-O-O 18. Nxd5 exd5 19. Bf4 g6 20. Bg5 f6 21. Bf4 b6 22. Bd3 Kb7 23. Re6 cxd4 24. cxd4 Ba3 25. Bb5 Nb8 26. Rxf6 Rhf8 27. Rxf8 Rxf8 28. Bg3 Nc6 29. Bxc6+ Kxc6 30. Re1 Rf7 31. Re8 Bb2 32. Be5 Rd7 33. Rc8+ Kb5 34. Rc2 Ba3 35. f4 Bb4 36. Kf2 Rf7 37. Ke3 Bf8 38. g4 Kb4 39. Kd3 Ka3 40. Rf2 a5 41. f5 gxf5 42. gxf5 b5 43. f6 Bh6 44. Rg2 Rd7 45. h4 a4 46. bxa4 bxa4 47. Rc2 Rb7 48. Bd6+ Rb4 49. Rc3+ Kxa2 50. Bxb4 1-0


[Site "https://www.chess.com"]

[Event "Titled Tuesday Blitz February 07 Early 2023"]
[White "Ilkhomi, Jaloliddin"]
[Black "Sattarov, Bobir"]
[WhiteFideId "14700948"]
[BlackFideId "14203081"]
[WhiteElo "1997"]
[BlackElo "2366"]
[Result "1/2-1/2"]
[Round "11"]
[TimeControl "180+2"]
[Date "2023.02.07"]
[WhiteClock "0:00:09"]
[BlackClock "0:00:08"]

1. d4 Nf6 2. Nf3 c5 3. e3 g6 4. c3 Bg7 5. Nbd2 d6 6. Bd3 O-O 7. O-O Nc6 8. Qe2 e5 9. dxe5 dxe5 10. e4 h6 11. Nc4 Qc7 12. Be3 b6 13. Rfd1 Be6 14. Na3 Rad8 15. Ne1 Rd7 16. f3 Rfd8 17. Bc4 Bxc4 18. Nxc4 Ne8 19. b3 Nd6 20. Nxd6 Rxd6 21. Nd3 Bf8 22. Nb2 R6d7 23. Rxd7 Rxd7 24. Rd1 Kg7 25. Rxd7 Qxd7 26. Qd2 Qxd2 27. Bxd2 h5 28. Kf2 f5 29. Nd3 Kf7 30. g3 Ke6 31. Ke2 Na5 32. c4 Nb7 33. Bc3 Bd6 34. Ke3 Nd8 35. f4 exf4+ 36. Nxf4+ Bxf4+ 37. Kxf4 fxe4 38. Kxe4 Nf7 39. Kf4 g5+ 40. Ke4 Nd6+ 41. Kf3 Kf5 42. h3 g4+ 43. hxg4+ hxg4+ 44. Ke3 Ne4 45. Be1 a6 46. a3 Nd6 47. Kd3 Nf7 48. Ke3 Ng5 49. Bc3 Ne4 50. Be1 Nd6 51. Kd3 b5 52. Bf2 bxc4+ 53. bxc4 Ne4 54. Be1 Ke5 55. Ke3 Nd6 56. Bc3+ Kf5 57. Kd3 Nf7 58. Bb2 Ng5 59. Bc3 Ne6 60. Bb2 Nd8 61. Bc3 Nc6 62. Bb2 Na7 63. Bc3 Nc8 64. Bb2 Nb6 65. Bc3 Nd7 66. Bb2 Nf8 67. Bc3 Ne6 68. Be1 Ke5 69. Bc3+ Kf5 1/2-1/2


[Site "https://www.chess.com"]

[Event "Titled Tuesday Blitz February 07 Early 2023"]
[White "Ajay, Karthikeyan"]
[Black "Kollars, Dmitrij"]
[WhiteFideId "35011685"]
[BlackFideId "12909572"]
[WhiteElo "2454"]
[BlackElo "2607"]
[Result "1/2-1/2"]
[Round "11"]
[TimeControl "180+2"]
[Date "2023.02.07"]
[WhiteClock "0:00:06"]
[BlackClock "0:00:02"]

1. e4 e5 2. Nf3 Nc6 3. Bc4 Nf6 4. Ng5 d5 5. exd5 Na5 6. Bb5+ Bd7 7. Qe2 Be7 8. Nc3 O-O 9. O-O Bxb5 10. Qxb5 c6 11. dxc6 Nxc6 12. Nge4 Nd7 13. Qxb7 Nd4 14. d3 f5 15. Qd5+ Kh8 16. Nd6 Bxd6 17. Qxd6 Rf6 18. Qd5 Nxc2 19. Bg5 Nxa1 20. Rxa1 Qe8 21. Bxf6 Nxf6 22. Qf3 g6 23. Re1 Rd8 24. h3 Kg7 25. Qb7+ Rd7 26. Qb5 Re7 27. Qxe8 Rxe8 28. Nb5 a5 29. Nd6 Rd8 30. Nc4 Rxd3 31. Nxa5 Ne4 32. Nc4 Kf6 33. f3 Ng3 34. Nxe5 Rd2 35. Nc4 Rc2 36. Ne3 Rxb2 37. Ra1 f4 38. Nf1 Nf5 39. a4 Nh4 40. a5 Rxg2+ 41. Kh1 Rb2 42. a6 Rb8 43. a7 Ra8 44. Nd2 g5 45. Nc4 Nxf3 46. Nb6 Rd8 47. Nd7+ Ke6 48. Nc5+ Kd5 49. Nb7 Ra8 50. Kg2 Nd4 51. Ra5+ Kc6 52. Nd8+ Kb6 53. Rd5 Nc2 54. Rxg5 Rxd8 55. Kf3 Rf8 56. Rg4 Kxa7 57. Rxf4 Ne1+ 58. Kg4 Rg8+ 59. Kh5 Rg7 60. Kh6 Re7 61. Rg4 Nd3 62. Rg7 Rxg7 63. Kxg7 h5 64. Kh6 Nf4 65. Kg5 Nxh3+ 66. Kxh5 1/2-1/2


[Site "https://www.chess.com"]

[Event "Titled Tuesday Blitz February 07 Early 2023"]
[White "Aradhya, Garg"]
[Black "Indjic, Aleksandar"]
[WhiteFideId "25006746"]
[BlackFideId "911925"]
[WhiteElo "2284"]
[BlackElo "2618"]
[Result "1-0"]
[Round "11"]
[TimeControl "180+2"]
[Date "2023.02.07"]
[WhiteClock "0:00:35"]
[BlackClock "0:00:01"]

1. d4 Nf6 2. Nf3 e6 3. Bg5 h6 4. Bxf6 Qxf6 5. e4 d6 6. c3 Nd7 7. Nbd2 g5 8. h3 Bg7 9. Bb5 c6 10. Bd3 Qe7 11. Qe2 a5 12. e5 d5 13. Nf1 a4 14. a3 h5 15. Rg1 c5 16. g4 h4 17. Ne3 c4 18. Bc2 Ra6 19. Kd1 Nf8 20. Kc1 Ng6 21. Ng2 Bh6 22. Kb1 Bd7 23. Ka2 Rb6 24. Rae1 Rb3 25. Bxb3 axb3+ 26. Kb1 Kf8 27. Nd2 Kg7 28. Ref1 Ra8 29. f4 gxf4 30. Nf3 Kg8 31. Qf2 Qd8 32. Ngxh4 Bf8 33. Nxg6 fxg6 34. Qh4 Be7 35. Qh6 Be8 36. h4 Rxa3 37. bxa3 Qa5 38. Qxf4 g5 39. Qd2 Bg6+ 40. Kc1 b2+ 41. Qxb2 Bxa3 42. Qxa3 Qxa3+ 43. Kd2 Qb2+ 44. Ke3 Qxc3+ 45. Kf2 gxh4 46. Re1 Be4 47. Re3 Qb2+ 48. Re2 Qa3 49. Re3 Qf8 50. Rh1 Qf4 51. Rxh4 Bxf3 52. Rxf3 Qxd4+ 53. Kg2 Qe4 54. Rh5 c3 55. Rg5+ Kh7 56. Kf2 Qc2+ 57. Kg3 1-0


[Site "https://www.chess.com"]

[Event "Titled Tuesday Blitz February 07 Early 2023"]
[White "Csonka, Balazs"]
[Black "Shimanov, Aleksandr"]
[WhiteFideId "742910"]
[BlackFideId "4198603"]
[WhiteElo "2496"]
[BlackElo "2581"]
[Result "0-1"]
[Round "11"]
[TimeControl "180+2"]
[Date "2023.02.07"]
[WhiteClock "0:00:02"]
[BlackClock "0:00:04"]

1. d4 e5 2. dxe5 Nc6 3. Nf3 Qe7 4. Bf4 Qb4+ 5. Bd2 Qxb2 6. Nc3 Bb4 7. Rb1 Qa3 8. Nd5 Bxd2+ 9. Qxd2 Kd8 10. e4 h6 11. Bc4 Nge7 12. O-O Ng6 13. Rb3 Qc5 14. Rc3 Qa5 15. Rb1 a6 16. Bb3 Re8 17. Rd1 Ngxe5 18. Nxe5 Rxe5 19. Qf4 f6 20. Rg3 Rg5 21. Rxg5 hxg5 22. Qf5 Qa3 23. e5 Nxe5 24. Nxf6 Qf8 25. Qxe5 Qxf6 26. Qc5 d6 27. Qd5 c6 28. Qxd6+ Qxd6 29. Rxd6+ Ke7 30. Rg6 Kf8 31. Rxg5 Bd7 32. f3 a5 33. Kf2 a4 34. Bc4 b5 35. Bd3 a3 36. Re5 Be8 37. c4 b4 38. Bc2 Rd8 39. Ke2 Bf7 40. Bb3 Bg6 41. Ke3 Rd3+ 42. Kf4 Rc3 43. Ra5 Bf7 44. Ke5 Bxc4 45. Bxc4 Rxc4 46. Kd6 Kf7 47. f4 Rxf4 48. Kxc6 Rf2 49. Kc5 Rxg2 50. Kxb4 Rxa2 51. h4 Rh2 52. Rxa3 Rxh4+ 53. Kc5 Rf4 54. Kd5 Kf6 55. Ra8 Rb4 56. Rf8+ Kg5 57. Ke5 Kg4 58. Rf1 g5 59. Rg1+ Kh5 60. Kf5 Rf4+ 61. Ke5 Ra4 62. Kf5 Ra5+ 63. Ke4 g4 64. Rh1+ Kg5 65. Ke3 Rf5 66. Rg1 Kh4 67. Rh1+ Kg3 68. Rg1+ Kh3 69. Ke4 Rf8 70. Ke5 g3 0-1


[Site "https://www.chess.com"]

[Event "Titled Tuesday Blitz February 07 Early 2023"]
[White "Papasimakopoulos, Alexandros"]
[Black "Sychev, Klementy"]
[WhiteFideId "4244125"]
[BlackFideId "4114060"]
[WhiteElo "2401"]
[BlackElo "2547"]
[Result "1/2-1/2"]
[Round "11"]
[TimeControl "180+2"]
[Date "2023.02.07"]
[WhiteClock "0:00:11"]
[BlackClock "0:00:09"]

1. d4 Nf6 2. c4 g6 3. Nc3 Bg7 4. e4 d6 5. f3 O-O 6. Nge2 a6 7. Be3 Nbd7 8. Qd2 b5 9. Ng3 h5 10. cxb5 h4 11. Nge2 axb5 12. Nxb5 c6 13. Nbc3 e5 14. dxe5 Nxe5 15. Nd4 h3 16. Kf2 Rb8 17. b3 Nfg4+ 18. fxg4 Nxg4+ 19. Ke1 hxg2 20. Bxg2 Qh4+ 21. Kd1 Nxe3+ 22. Qxe3 Qg4+ 23. Bf3 Bxd4 24. Bxg4 Bxe3 25. Bxc8 Rfxc8 26. Kc2 Bf4 27. h4 Be5 28. h5 g5 29. Rag1 f6 30. Nd1 Ra8 31. a4 d5 32. Ne3 dxe4 33. Ng4 Bd4 34. Re1 Re8 35. Rhf1 Re6 36. Nh6+ Kh7 37. Nf5 c5 38. Re2 Rd8 39. a5 Ra8 40. b4 Be5 41. Rxe4 cxb4 42. Rxb4 Rc6+ 43. Kd3 Rxa5 44. Rb7+ Rc7 45. Rfb1 Rc5 46. Ke4 Rc4+ 47. Kd5 Rc5+ 48. Ke6 Rc6+ 49. Kd5 Rc2 50. Rxc7+ Rxc7 51. Rb4 Ra7 52. Ke6 Ra6+ 53. Kf7 Ra7+ 54. Ke6 Bc3 55. Rc4 Ba1 56. Rc8 Be5 57. Rd8 g4 58. Rd3 Ra6+ 59. Kf7 Ra7+ 60. Ke6 Rb7 61. Rd1 g3 62. Rg1 Rb3 63. Kf7 Rb7+ 64. Ke6 Rb6+ 65. Kf7 Rb3 66. Rg2 Rf3 67. Ke6 Rd3 68. Rg1 Rd8 69. Nxg3 Rg8 70. Ne2 Rxg1 71. Nxg1 Kh6 72. Nf3 Kxh5 73. Nxe5 fxe5 74. Kxe5 1/2-1/2


[Site "https://www.chess.com"]

[Event "Titled Tuesday Blitz February 07 Early 2023"]
[White "Bulmaga, Irina"]
[Black "Bok, Benjamin"]
[WhiteFideId "13903063"]
[BlackFideId "1017063"]
[WhiteElo "2422"]
[BlackElo "2607"]
[Result "0-1"]
[Round "11"]
[TimeControl "180+2"]
[Date "2023.02.07"]
[WhiteClock "0:00:02"]
[BlackClock "0:00:10"]

1. Nf3 g6 2. g3 Bg7 3. Bg2 e5 4. d3 Ne7 5. h4 h6 6. c4 d6 7. Nc3 Nbc6 8. Rb1 f5 9. Be3 Be6 10. Qc1 Qd7 11. b4 Nd8 12. Nd2 c6 13. Nb3 Nf7 14. b5 O-O 15. bxc6 bxc6 16. f4 Rae8 17. Na5 Rb8 18. O-O Rxb1 19. Nxb1 exf4 20. gxf4 h5 21. Nd2 Nh6 22. Nf3 Ng4 23. Ng5 Kh8 24. Kh1 Bg8 25. Bg1 d5 26. Nb3 dxc4 27. dxc4 Rd8 28. Nc5 Qd2 29. Nce6 Bxe6 30. Nxe6 Qxc1 31. Rxc1 Rd2 32. Nxg7 Kxg7 33. Bf3 Rxa2 34. Rd1 Kf7 35. Rd6 a5 36. Bc5 Ng8 37. Rxc6 N8f6 38. Bd4 Ne4 39. c5 Ng3+ 40. Kg2 Nxe2 41. Bxe2 Rxe2+ 42. Kf3 Rd2 43. Rd6 a4 44. c6 Rc2 45. Be5 a3 46. Rd7+ Ke6 47. Ra7 Nxe5+ 48. fxe5 Kxe5 49. c7 a2 50. Rxa2 Rxc7 51. Ra5+ Kf6 52. Ra6+ Kg7 53. Rd6 Rc3+ 54. Kf4 Rc4+ 55. Kg3 Rg4+ 56. Kh3 Re4 57. Rd7+ Kf6 58. Rd6+ Re6 59. Rd5 Re3+ 60. Kg2 Ke6 61. Ra5 Re4 62. Ra6+ Kf7 63. Ra7+ Kf6 64. Ra6+ Re6 65. Ra5 Re3 66. Ra6+ Kg7 67. Ra7+ Kh6 68. Ra8 f4 69. Rf8 Rg3+ 70. Kh2 Rg4 71. Kh3 Kg7 72. Rb8 Kf6 73. Rb6+ Ke5 0-1


[Site "https://www.chess.com"]

[Event "Titled Tuesday Blitz February 07 Early 2023"]
[White "Fiorito, Joaquin"]
[Black "Chigaev, Maksim"]
[WhiteFideId "180173"]
[BlackFideId "4108116"]
[WhiteElo "2405"]
[BlackElo "2628"]
[Result "0-1"]
[Round "11"]
[TimeControl "180+2"]
[Date "2023.02.07"]
[WhiteClock "0:00:03"]
[BlackClock "0:00:08"]

1. d4 Nf6 2. Nc3 d5 3. Bf4 g6 4. e3 Nh5 5. Be5 f6 6. Bg3 c6 7. Be2 Nxg3 8. hxg3 e5 9. Qd2 Bg7 10. O-O-O e4 11. f3 f5 12. g4 exf3 13. gxf3 fxg4 14. fxg4 Qe7 15. Kb1 Nd7 16. Nf3 Nb6 17. e4 dxe4 18. Ne5 Be6 19. Nxe4 O-O-O 20. Qa5 Kb8 21. Nc5 Bc8 22. Bf3 Rd6 23. Rhe1 Qc7 24. c3 Rhd8 25. Qb4 Ka8 26. Nc4 Nxc4 27. Qxc4 Rf8 28. Be2 Rdd8 29. Ka1 Rde8 30. g5 Qg3 31. Rg1 Qh3 32. Bd3 Rf2 33. Qb4 Qe3 34. a4 Rd2 35. Rxd2 Qxg1+ 36. Ka2 Qxg5 37. Re2 Rxe2 38. Bxe2 Qe7 39. Bf3 Bf8 40. Qc4 Qe8 41. Kb1 Bf5+ 42. Ka2 Bc8 43. b3 h5 44. Ka3 h4 45. a5 a6 46. b4 Bxc5 47. Qxc5 h3 48. d5 Bd7 49. dxc6 Bxc6 50. Bxc6 Qxc6 51. Qf8+ Ka7 52. Qf2+ b6 53. Qf7+ Ka8 54. Qf8+ Kb7 55. Qf7+ Qc7 56. Qf3+ Qc6 57. Qxh3 bxa5 58. bxa5 Qc5+ 59. Kb2 Qf2+ 60. Kb3 Qf7+ 61. Ka3 Qe7+ 62. Kb3 Qf7+ 63. Ka3 Qf5 64. Qh7+ Kc6 65. Qg8 Qxa5+ 66. Kb3 Qd5+ 0-1


[Site "https://www.chess.com"]